AoeStats
← Velox_M_B

Yucatan

510317178Analyzed
4v4 RM · 2d ago on Sep 30, 2026· 60m 50s· 8 players
Game mode
Random Map
Map size
Large (8 player)
Population
200
Speed
Normal
Resources
Standard
Victory
Conquest
Starting age
Dark Age
Ending age
Imperial Age
RankedLock teamsTeams togetherTeam positionsShared explorationLock speedFull tech treeHidden civsTurbo modeCheats
Victory
Defeat
🇨🇳 Persians · China
770
+11
🇮🇹 Mongols · Italy
755
+12
🇨🇦 Huns · Canada
744
+12
🇮🇳 Khmer · India
564
+20
🇬🇧 Vikings · United Kingdom
724
-16
🇺🇸 Teutons · United States
646
-13
🇦🇺 Italians · Australia
644
-13
🇵🇪 Gurjaras · Peru
628
-13
SDBFP06!
0:28 Loom
12:40 Feudal Age
14:02 Wheelbarrow
20:46 Castle Age
19:05 Stone Mining
18:58 Horse Collar
19:14 Double-Bit Axe
20:08 Town Watch
20:40 Gold Mining
21:59 Heavy Plow
23:08 Hand Cart
27:10 Bow Saw
28:34 Caravan
30:36 Town Patrol
33:46 Ironclad
34:33 Forging
34:24 Scale Mail Armor
37:58 Imperial Age
38:00 Pikeman
38:41 Squires
38:26 Gambesons
38:27 Arson
39:56 Conscription
40:12 Hoardings
40:04 Elite Skirmisher
40:57 Elite Teutonic Knight
41:26 Halberdier
44:05 Crenellations
45:36 Heavy Scorpion
48:35 Iron Casting
48:15 Chain Mail Armor
49:47 Chemistry
49:07 Ballistics
53:24 Blast Furnace
52:54 Plate Mail Armor
52:28 Padded Archer Armor
52:19 Fletching
59:30 Siege Engineers
59:37 Masonry
59:38 Fortified Wall
edgarjpa25
3:32 Loom
12:22 Feudal Age
12:54 Double-Bit Axe
12:51 Horse Collar
23:06 Castle Age
22:47 Gold Mining
22:48 Stone Mining
23:56 Caravan
24:48 Padded Archer Armor
24:39 Fletching
27:02 Bow Saw
26:54 Heavy Plow
27:45 Wheelbarrow
26:59 Town Watch
29:37 Bodkin Arrow
29:58 Leather Archer Armor
30:56 Town Patrol
32:39 Hand Cart
36:08 Thumb Ring
40:05 Imperial Age
38:01 Kshatriyas
42:27 Theocracy
42:16 Bracer
41:59 Elite Elephant Archer
43:43 Conscription
44:00 Frontier Guards
44:06 Frontier Guards
53:40 Chemistry
53:19 Ballistics
chipandcharge
0:43 Loom
11:31 Feudal Age
16:51 Double-Bit Axe
17:05 Gold Mining
19:39 Castle Age
18:18 Gold Mining
21:50 Horse Collar
25:44 Bow Saw
26:26 Heavy Plow
27:04 Arson
28:14 Gold Shaft Mining
27:29 Stone Mining
28:42 Stone Mining
29:26 Forging
30:00 Squires
32:26 Caravan
32:49 Scale Mail Armor
33:47 Iron Casting
33:03 Man-at-Arms
34:20 Masonry
35:10 Chain Mail Armor
37:15 Crossbowman
37:52 Long Swordsman
39:03 Fletching
38:41 Pikeman
44:41 Imperial Age
42:00 Town Watch
42:01 Treadmill Crane
42:43 Ballistics
42:52 Bodkin Arrow
43:07 Scale Barding Armor
43:04 Padded Archer Armor
46:24 Bracer
46:41 Leather Archer Armor
46:26 Elite Varangian Guard
48:20 Chain Barding Armor
48:41 Plate Mail Armor
49:02 Town Patrol
49:04 Capped Ram
50:29 Hoardings
52:53 Ring Archer Armor
53:24 Blast Furnace
52:18 Onager
52:56 Siege Ram
54:39 Heavy Scorpion
56:59 Two-Handed Swordsman
59:02 Conscription
59:20 Champion
Brown Sugar
deathly
12:28 Feudal Age
22:13 Castle Age
20:11 Double-Bit Axe
20:07 Horse Collar
20:44 Bloodlines
22:34 Gold Mining
22:34 Stone Mining
22:54 Light Cavalry
23:34 Husbandry
23:48 Bow Saw
23:40 Heavy Plow
25:22 Wheelbarrow
26:18 Hand Cart
29:40 Gold Shaft Mining
36:01 Imperial Age
36:06 Town Watch
36:41 Forging
36:37 Scale Barding Armor
39:20 Caravan
39:56 Conscription
42:04 Iron Casting
41:49 Chain Barding Armor
43:48 Blast Furnace
45:08 Cavalier
45:08 Hussar
47:10 Paladin
51:35 Plate Barding Armor
51:04 Murder Holes
51:19 Masonry
Velox_M_B
0:29 Loom
11:57 Feudal Age
12:24 Horse Collar
13:08 Double-Bit Axe
13:54 Gold Mining
15:41 Wheelbarrow
17:35 Forging
22:36 Fletching
22:48 Padded Archer Armor
22:56 Stone Mining
25:29 Castle Age
26:26 Bow Saw
26:18 Bodkin Arrow
26:40 Heavy Plow
27:31 Stone Shaft Mining
27:33 Gold Shaft Mining
29:27 Husbandry
29:36 Thumb Ring
32:13 Ballistics
31:52 Murder Holes
32:50 Nomads
37:56 Imperial Age
38:03 Elite Mangudai
39:40 Hand Cart
39:54 Leather Archer Armor
40:40 Conscription
41:23 Drill
40:56 Town Watch
42:15 Hoardings
43:00 Chemistry
43:13 Caravan
45:58 Bracer
46:04 Scale Barding Armor
48:00 Elite Steppe Lancer
50:53 Iron Casting
50:39 Chain Barding Armor
50:06 Capped Ram
50:56 Heavy Camel Rider
51:03 Elite Skirmisher
52:10 Parthian Tactics
52:00 Town Patrol
56:14 Blast Furnace
ShrouD
15:08 Feudal Age
20:57 Castle Age
19:33 Wheelbarrow
24:15 Hand Cart
23:59 Stone Mining
24:00 Gold Mining
24:16 Double-Bit Axe
34:50 Imperial Age
35:02 Tusk Swords
37:00 Loom
43:40 Town Watch
45:18 Elite Ballista Elephant
46:18 Double Crossbow
47:27 Padded Archer Armor
47:17 Fletching
47:27 Scale Mail Armor
47:33 Scale Barding Armor
55:48 Hoardings
54:44 Sappers
星河船泊
1:03 Loom
2:01 Loom
2:44 Loom
3:13 Loom
10:04 Feudal Age
15:19 Gold Mining
15:16 Double-Bit Axe
18:57 Castle Age
18:13 Stone Mining
20:21 Bow Saw
19:59 Horse Collar
21:23 Heavy Plow
23:30 Stone Shaft Mining
27:06 Gold Shaft Mining
30:44 Imperial Age
29:36 Kamandaran
31:07 Wheelbarrow
33:25 Conscription
33:36 Bloodlines
33:27 Husbandry
33:20 Fletching
33:40 Forging
33:36 Scale Barding Armor
33:51 Squires
34:52 Hand Cart
34:17 Crossbowman
36:21 Bodkin Arrow
38:46 Iron Casting
38:31 Chain Barding Armor
38:13 Padded Archer Armor
38:37 Chain Barding Armor
39:44 Two-Man Saw
39:57 Masonry
40:51 Chemistry
40:13 Ballistics
39:49 Murder Holes
40:55 Crop Rotation
41:42 Blast Furnace
40:58 Leather Archer Armor
40:11 Pikeman
42:25 Elite War Elephant
44:08 Gold Shaft Mining
42:57 Capped Ram
44:21 Hoardings
43:59 Citadels
44:01 Town Watch
43:40 Halberdier
45:45 Town Patrol
46:11 Thumb Ring
50:36 Plate Barding Armor
50:31 Ring Archer Armor
49:46 Light Cavalry
53:23 Devotion
53:34 Fervor
53:40 Scale Mail Armor
Connection lost

Rejoining the realm…

Still unreachable

The connection could not be restored.

Session expired

The server has moved on; the page needs a fresh start.